 Dungeon Crawl Stone Soup version 0.29.1-2-gbd0b4ee654 (webtiles) character file.

Game seed: 13683590940632080752

0 Sabo the Trooper (level 1, -1/21 HPs)
             Began as a Gargoyle Berserker on Nov 7, 2022.
             Was a Follower of Trog.
             Slain by a gnoll
             ... wielding a +2 spear of venom
              (3 damage)
             ... on level 1 of the Dungeon.
             The game lasted 00:00:22 (27 turns).

Sabo the Trooper (Gargoyle Berserker)                 Turns: 27, Time: 00:00:23

Health: -1/21      AC:  4    Str: 20    XL:     1   Next: 10%
Magic:  1/1        EV: 11    Int:  7    God:    Trog [*.....]
Gold:   0          SH:  0    Dex:  9    Spells: 0/0 levels left

rFire   . . .      SeeInvis .   a - +0 hand axe
rCold   . . .      Faith    .   (no shield)
rNeg    + . .      Spirit   .   b - +0 animal skin
rPois   ∞          Reflect  .   (no helmet)
rElec   +          Harm     .   (no cloak)
rCorr   .          Rampage  .   (no gloves)
Will    .....                   (no boots)
Stlth   ..........              (no amulet)
HPRegen 0.07/turn               (no ring)
MPRegen 0.07/turn               (no ring)

@: berserking, very quick
A: sickness immunity, AC +2, negative energy resistance 1, electricity
resistance, torment resistance 1, petrification resistance
a: Renounce Religion, Berserk


You were on level 1 of the Dungeon.
You worshipped Trog.
Trog was aware of your devotion.
You visited 1 branch of the dungeon, and saw 1 of its levels.

Inventory:

Hand Weapons
 a - a +0 hand axe (weapon)
Armour
 b - a +0 animal skin (worn)
Potions
 c - a potion of lignification {unknown}


   Skills:
 + Level 3.3 Fighting
 + Level 2.7 Axes
 + Level 2.2 Armour
 + Level 1.5 Dodging


You couldn't memorise any spells.
You didn't know any spells.
Your spell library was empty.

Dungeon Overview and Level Annotations

Branches:
Dungeon (1/15)

Altars:


Innate Abilities, Weirdness & Mutations

You are immune to sickness and miasma.
Your stone body is resilient. (AC +2)
You are immune to poison.
You resist negative energy. (rN+)
You are resistant to electric shocks. (rElec)
You are resistant to unholy torment.
You are immune to petrification.


Message History

A rat comes into view.
A bat comes into view.
A hobgoblin and a gnoll come into view.
The gnoll is wielding a +2 spear of venom.
The hobgoblin shouts!
The bat hits you but does no damage. The rat bites you but does no damage.
You hit the rat.
You kill the rat!
Trog accepts your kill.
You closely miss the bat. The bat hits you but does no damage.
A ball python comes into view.
The bat hits you. The bat hits you but does no damage. The bat misses you.
The gnoll hits you with a +2 spear of venom.
You fail to use your ability.
The bat hits you but does no damage.
The gnoll hits you with a +2 spear of venom.
* * * LOW HITPOINT WARNING * * *
You hit the gnoll but do no damage. You hit the bat but do no damage.
The bat barely misses you. The gnoll barely misses you.
The bat hits you but does no damage.
You hit the gnoll but do no damage. You barely miss the hobgoblin.
You closely miss the bat. The bat hits you but does no damage.
The hobgoblin misses you. The gnoll barely misses you.
You barely miss the gnoll. Your punch misses the gnoll.
You hit the hobgoblin but do no damage. The bat misses you.
The hobgoblin barely misses you. The gnoll barely misses you.
You hit the gnoll.
The gnoll is lightly wounded.
You barely miss the hobgoblin. The hobgoblin hits you.
* * * LOW HITPOINT WARNING * * *
The gnoll completely misses you. The bat hits you but does no damage.
The hobgoblin hits you.
* * * LOW HITPOINT WARNING * * *
The gnoll misses you.
A red film seems to cover your vision as you go berserk!
You feel yourself moving faster!
You feel mighty! The bat hits you.
* * * LOW HITPOINT WARNING * * *
The hobgoblin closely misses you.
The gnoll hits you with a +2 spear of venom.
You die...

.........# #.# ...
.##.....### #.#
.... #.......# #.#
.... #....##.###.#
.....
####........##..S#
########.....#
#..#..# ###.g#.##
#...@..# #...bg.#
#......# ###!#....
......## #.....##
#.....# #.. ..#


You could see a gnoll, a hobgoblin and a bat.

Vanquished Creatures
  A rat (D:1)
1 creature vanquished.

Notes
Turn   | Place    | Note
-------+----------+-------------------------------------------
     0 | D:1      | Sabo the Gargoyle Berserker began the quest for the Orb.
     0 | D:1      | Reached XP level 1. HP: 14/14 MP: 1/1
    27 | D:1      | Slain by a gnoll

Illustrated notes

Levels and vault maps discovered:
D:1:      minmay_arrival_three_doors, layout_rooms

Action                   || total
-------------------------++-------
Melee: Hand axe          ||     5
Invok: Berserk           ||     1
Armor: Animal skin       ||     8
Dodge: Dodged            ||    11
